 Dungeon Crawl Stone Soup version 0.23-a0-650-ga4d50d4 (webtiles) character file.

90 Lanoc the Poker (level 4, 0/37 HPs)
             Began as a Merfolk Monk on Jan 4, 2019.
             Killed from afar by Ijyb (9 damage)
             ... with a wand of flame (4)
             ... on level 3 of the Dungeon.
             The game lasted 00:02:56 (1686 turns).

Lanoc the Poker (Merfolk Monk)                      Turns: 1686, Time: 00:02:57

Health: 0/37       AC:  2    Str: 12    XL:     4   Next: 56%
Magic:  13/13      EV: 15    Int:  9    God:
Gold:   170        SH:  0    Dex: 16    Spells: 3/3 levels left

rFire    . . .     SeeInvis .   a - +0 spear
rCold    . . .     Gourm    .   (no shield)
rNeg     . . .     Faith    .   b - +0 robe
rPois    .         Spirit   .   (no helmet)
rElec    .         Reflect  .   (no cloak)
rCorr    .         Harm     .   (no gloves)
MR       .....                  (no boots)
Stlth    ++........             (no amulet)
HPRegen  0.12/turn              i - ring of magical power
MPRegen  0.13/turn              (no ring)

@: no status effects
A: change form in water, swift swim, stealthy swim
a: no special abilities


You were on level 3 of the Dungeon.
You were not hungry.

You visited 1 branch of the dungeon, and saw 3 of its levels.

You collected 170 gold pieces.

Inventory:

Hand Weapons
 a - a +0 spear (weapon)
Armour
 b - a +0 robe (worn)
Jewellery
 i - a ring of magical power (left hand)
Scrolls
 e - 4 scrolls of identify {unknown}
 g - 3 scrolls of teleportation {unknown}
 j - a scroll of random uselessness {unknown}
 m - a scroll of remove curse {unknown}
Potions
 d - 3 potions of cancellation {unknown}
 f - a potion of flight {unknown}
 h - 3 potions of curing {unknown}
 k - a potion of agility {unknown}
 l - a potion of degeneration {unknown}
 o - 2 potions of brilliance {unknown}
Comestibles
 c - 3 rations
 n - 2 chunks of flesh


   Skills:
 + Level 4.0 Fighting
 * Level 6.2 Polearms
 + Level 4.8 Dodging
 - Level 2.1 Stealth


You had 3 spell levels left.
You didn't know any spells.
Your spell library was empty.

Dungeon Overview and Level Annotations

Branches:
Dungeon (3/15)

Altars:

Annotations:
D:3 Ijyb


Message History

You closely miss Ijyb.
Ijyb is lightly wounded.
You barely miss Ijyb.
Ijyb is lightly wounded.
Ijyb closely misses you.
You barely miss Ijyb.
Ijyb is lightly wounded.
Ijyb zaps a wand.
The puff of flame misses you.
You hit Ijyb but do no damage.
Ijyb is lightly wounded.
Ijyb zaps a wand.
The puff of flame misses you.
You hit Ijyb but do no damage.
Ijyb is lightly wounded.
Ijyb barely misses you.
You hit Ijyb but do no damage.
Ijyb is lightly wounded.
You closely miss Ijyb.
Ijyb is lightly wounded.
Ijyb zaps a wand.
The puff of flame hits you!
You die...

# #......# #..#.# ..# #
#......# #..#.# ..# #
#......# #..#.# ..# #
#.....(# #..#.# ..# #
#.....(####.##.# ..#
###### #............#.##
..............#..(.....#
....###.###.###g########K
.##.# # #.....@........
.# .# #.###.######### .#
.# #[ #.# .##.## #..
.....# ... .....# ...
#))..# ..... #....# ...
#....#


You could see Ijyb.

Vanquished Creatures
  3 adders
  4 dart slugs
  A leopard gecko (D:2)
  An orc (D:3)
  2 giant cockroaches
  6 goblins
  9 hobgoblins
  2 jackals (D:1)
  A ball python (D:3)
  6 bats
  3 frilled lizards (D:3)
  11 kobolds
  4 rats
53 creatures vanquished.

Notes
Turn   | Place    | Note
-------+----------+-------------------------------------------
     0 | D:1      | Lanoc the Merfolk Monk began the quest for the Orb.
     0 | D:1      | Reached XP level 1. HP: 18/18 MP: 1/1
   124 | D:1      | Reached XP level 2. HP: 24/24 MP: 2/2
   149 | D:1      | Reached skill level 5 in Polearms
   492 | D:1      | Reached XP level 3. HP: 25/29 MP: 3/3
   977 | D:2      | Reached XP level 4. HP: 15/37 MP: 4/4
  1297 | D:3      | Reached skill level 6 in Polearms
  1652 | D:3      | Noticed Ijyb
  1686 | D:3      | Killed from afar by Ijyb

Vault maps used:
D:1:      dpeg_arrival_fog
D:3:      serial_glass, glass_columns_a, glass_columns_c, uniq_ijyb

Skill      XL: |  1  2  3  4 |
---------------+-------------+-----
Polearms       | 5 6 |  6.2
Fighting       | 4 |  4.0
Dodging        | |  4.8
Stealth        | |  2.1

Action                   |  1- 3 |  4- 6 || total
-------------------------+-------+-------++-------
Melee: Spear             |   158 |    89 ||   247
 Stab: Sleeping          |    11 |     4 ||    15
  Eat: Chunk             |       |     3 ||     3
Armor: Robe              |    16 |     6 ||    22
Dodge: Dodged            |    78 |    38 ||   116

Table legend:
 A = Non-vault XP
 B = Vault XP
 C = Vault XP percentage of total XP
 D = Non-vault monster count
 E = Vault monster count
 F = Vault count percentage of total count
                 A         B        C        D         E       F
            +---------+---------+-------+---------+---------+-------
      Total |     129 |       0 |   0.0 |      53 |       0 |   0.0
            +---------+---------+-------+---------+---------+-------
        D:1 |      35 |       0 |   0.0 |      20 |       0 |   0.0
        D:2 |      59 |       0 |   0.0 |      20 |       0 |   0.0
        D:3 |      35 |       0 |   0.0 |      13 |       0 |   0.0
            +---------+---------+-------+---------+---------+-------
